 Dungeon Crawl Stone Soup version 0.28.0 (webtiles) character file.

Game seed: 14597400058909795590

287 SnakkuSnakku7 the Skirmisher (level 6, -2/58 HPs)
             Began as a Hill Orc Fighter on Feb 16, 2022.
             Slain by Grinder (7 damage)
             ... while paralysed by Grinder
             ... on level 4 of the Dungeon.
             The game lasted 00:02:53 (2610 turns).

SnakkuSnakku7 the Skirmisher (Hill Orc Fighter)     Turns: 2610, Time: 00:02:54

Health: -2/58      AC:  6    Str: 21    XL:     6   Next: 30%
Magic:  6/6        EV:  2    Int: 14    God:
Gold:   121        SH:  0    Dex: 10    Spells: 5/5 levels left

rFire   . . .      SeeInvis .   a - +0 war axe
rCold   . . .      Faith    .   c - +0 buckler
rNeg    . . .      Spirit   .   b - +0 scale mail
rPois   .          Reflect  .   (no helmet)
rElec   .          Harm     .   (no cloak)
rCorr   .          Rampage  .   (no gloves)
Will    .....                   (no boots)
Stlth   ..........              (no amulet)
HPRegen 0.19/turn               o - +6 ring of intelligence
MPRegen 0.10/turn               r - ring of wizardry

@: paralysed
A: no striking features
a: Convert to Beogh


You were on level 4 of the Dungeon.
You visited 1 branch of the dungeon, and saw 4 of its levels.

You collected 121 gold pieces.

Inventory:

Hand Weapons
 a - a +0 war axe (weapon)
Armour
 b - a +0 scale mail (worn)
 c - a +0 buckler (worn)
Jewellery
 o - a +6 ring of intelligence (left hand)
 r - a ring of wizardry (right hand)
Wands
 q - a wand of paralysis (11)
Scrolls
 e - 2 scrolls of noise {unknown}
 g - a scroll of amnesia {unknown}
 h - 2 scrolls of teleportation {unknown}
 j - 2 scrolls of identify {unknown}
 l - a scroll of fog {unknown}
 m - a scroll of immolation {unknown}
 n - 2 scrolls of enchant weapon {unknown}
 p - a scroll of fear {unknown}
Potions
 d - a potion of might
 f - 2 potions of mutation {unknown}
 i - a potion of cancellation {unknown}
 k - a potion of resistance {unknown}


   Skills:
 + Level 6.3 Fighting
 + Level 6.3 Axes
 - Level 3.2 Armour
 - Level 3.2 Shields


You had 5 spell levels left.
You didn't know any spells.
Your spell library was empty.

Dungeon Overview and Level Annotations

Branches:
Dungeon (4/15)
 Temple: D:4-7

Altars:
Nemelex Xobeh
Ru
Sif Muna
Xom

Annotations:
D:4 Grinder


Message History

The ball python misses you.
An orc comes into view. It is wielding a +0 hand axe.
You hit the ball python but do no damage.
The ball python closely misses you. You block the ball python's attack.
The ball python barely misses you. x2
You barely miss the orc. You closely miss the ball python.
The orc hits you with a +0 hand axe.
The ball python bites you but does no damage.
The ball python grabs you. The ball python constricts you.
You hit the ball python.
You kill the ball python!
You hit the orc. You block the orc's attack. x2
You hit the orc.
The orc is severely wounded.
The orc closely misses you.
You slash the orc!
You kill the orc!
An orc priest comes into view. It is wielding a +0 club.
Grinder gestures at you. Pain shoots through your body!
Items here: ))) [[ †††.
The orc priest shouts!
The orc priest calls down the wrath of Beogh upon you.
Pain shoots through your body!
Grinder blinks!
Grinder blinks!
You completely miss Grinder. Grinder hits you.
You closely miss Grinder.
The orc priest looks satisfied for a moment.
Grinder hits you!
* * * LOW HITPOINT WARNING * * *
You hit Grinder.
Grinder is lightly wounded.
Grinder gestures at you.
You suddenly lose the ability to move!
Grinder hits you but does no damage.
The orc priest mumbles some strange prayers to Beogh against you.
Beogh smites you!
* * * LOW HITPOINT WARNING * * *
Grinder hits you!
You die...

......# ..
###...#........
......#
##.####....#....#
......# .....#
##...### ......#
....... #..###
......##....... #.)##
........[...... ##.).#
..............###o..)#
.....#.......###.....#
.......##.......@....#
.............##.5...##
.......<.$..###..####
......#.....# ##.#
.............# ###
......#.#.$...#
..#.....###...#
....###.# #..# ..).#
.## .##


You could see Grinder and an orc priest.

Vanquished Creatures
  A howler monkey (D:4)
  A hound (D:4)
  An orc priest (D:4)
  A bullfrog skeleton (D:4)
  An iguana (D:4)
  Terence (D:2)
  2 adders (D:2)
  3 worms (D:3)
  7 orcs
  4 bats
  12 endoplasms
  2 giant cockroaches (D:1)
  4 goblins
  13 hobgoblins
  4 kobolds
  A quokka (D:4)
  8 ball pythons
  6 rats
72 creatures vanquished.

Notes
Turn   | Place    | Note
-------+----------+-------------------------------------------
     0 | D:1      | SnakkuSnakku7 the Hill Orc Fighter began the quest for the
                  | Orb.
     0 | D:1      | Reached XP level 1. HP: 19/19 MP: 1/1
   159 | D:1      | Reached XP level 2. HP: 19/27 MP: 2/2
   529 | D:2      | Noticed Terence
   544 | D:2      | Killed Terence
   545 | D:2      | Reached XP level 3. HP: 15/34 MP: 3/3
   681 | D:2      | Reached XP level 4. HP: 20/41 MP: 4/4
   774 | D:2      | Found a sparkling altar of Nemelex Xobeh.
   953 | D:2      | Reached skill level 5 in Fighting
  1534 | D:3      | Found a shimmering blue altar of Sif Muna.
  1730 | D:3      | Found a sacrificial altar of Ru.
  1840 | D:3      | Found a shimmering altar of Xom.
  2013 | D:3      | Reached skill level 5 in Axes
  2078 | D:3      | Reached XP level 5. HP: 48/48 MP: 5/5
  2317 | D:4      | Noticed Grinder
  2331 | D:4      | Reached XP level 6. HP: 37/57 MP: 6/6
  2608 | D:4      | Paralysed by Grinder for 3 turns
  2610 | D:4      | Slain by Grinder

Illustrated notes

Levels and vault maps discovered:
D:1:      dpeg_arrival_simpleton_c, layout_loops_ring
D:2:      cheibrodos_greedy_goblins, layout_basic, basic_altar,
          grunt_ministairs_6, columned_hall_lemuel, uniq_terence
D:3:      layout_basic, mainiacjoe_overflow_tiny_flanked, lemuel_crystal_altar,
          amcnicky_altar_gilded, grunt_decor_one_mirror
D:4:      layout_cave_pools, gammafunk_temple_overflow_pools, fountainhead,
          uniq_grinder

Skill      XL: |  1  2  3  4  5 |
---------------+----------------+-----
Axes           | 3 4 5 6 |  6.3
Fighting       | 4 5 6 |  6.3
Armour         | |  3.2
Shields        | |  3.2

Action                   |  1- 3 |  4- 6 || total
-------------------------+-------+-------++-------
Melee: War axe           |    50 |   136 ||   186
Armor: Scale mail        |    19 |    50 ||    69
Dodge: Dodged            |    33 |    63 ||    96
Block: Buckler           |    14 |    30 ||    44
